 Dungeon Crawl Stone Soup version 0.29.1-1-gd02db6906a (webtiles) character file.

Game seed: 12544308452247720496

2680 LustLizard the Thaumaturge (level 9, -1/59 HPs)
             Began as a Djinni Ice Elementalist on Sept 21, 2022.
             Was a Believer of Ashenzari.
             Slain by an acid dragon (2 damage)
             ... on level 9 of the Dungeon.
             The game lasted 00:19:08 (10325 turns).

LustLizard the Thaumaturge (DjIE)                  Turns: 10325, Time: 00:19:09

Health: -1/59      AC:  2    Str:  7    XL:     9   Next: 95%
Gold:   446        EV: 14    Int: 26    God:    Ashenzari [**....] SH:  0 Dex: 21

rFire   + + .      SeeInvis +   F - +2 dagger of Ashenzari's Yoke {venom, Self, Evo} (curse)
rCold   x . .      Faith    .   (no shield)
rNeg    . . .      Spirit   .   d - +1 robe of the Elysian Seer {Will+, Cun, Self} (curse)
rPois   ∞          Reflect  .   (no helmet)
rElec   .          Harm     .   r - +2 cloak "Suspicion of Ashenzari" {Melee, Cun} (curse)
rCorr   .          Rampage  .   (no gloves)
Will    +....                   (boots unavailable)
Stlth   ++++......              (no amulet)
HPRegen 0.19/turn               e - +6 ring of intelligence
MPRegen 0.00/turn               t - +6 ring of dexterity

@: corroded, flying
A: sickness immunity, fire resistance 2, cold vulnerability 1, float, innate
caster, HP casting, extra vitality 1
a: Renounce Religion, Curse Item, Shatter the Chains


You were on level 9 of the Dungeon.
You worshipped Ashenzari.
Ashenzari was pleased with you.
You visited 2 branches of the dungeon, and saw 10 of its levels.
You also visited: Sewer.

You collected 446 gold pieces.

Inventory:

Hand Weapons
 b - a +0 dagger
 F - the cursed +2 dagger of Ashenzari's Yoke (weapon) {venom, Self, Evo}
   (You took it off an orc wizard on level 6 of the Dungeon)

   It poisons the flesh of those it strikes.
   It has a curse which improves the following skills: Introspection: Fighting
   and Spellcasting.
   Evocations: Evocations.
 K - a +4 dagger of venom
Armour
 a - a +0 robe
 d - the cursed +1 robe of the Elysian Seer (worn) {Will+, Cun, Self}
   (You found it on level 1 of the Dungeon)

   It has a curse which improves the following skills: Cunning: Dodging and
   Stealth.
   Introspection: Fighting and Spellcasting.
 k - a +0 cloak
 r - the cursed +2 cloak "Suspicion of Ashenzari" (worn) {Melee, Cun}
   (You found it on level 3 of the Dungeon)

   It has a curse which improves the following skills: Melee Combat: Short
   Blades, Long Blades, Axes, Maces & Flails, Polearms, Staves and Unarmed
   Combat.
   Cunning:   Dodging and Stealth.
 D - +0 steam dragon scales
Jewellery
 e - a +6 ring of intelligence (left hand)
 j - a ring of protection from fire
 t - a +6 ring of dexterity (right hand)
 y - a ring of wizardry
 A - a +6 ring of strength
 E - a ring of willpower
 J - a +6 ring of dexterity
Wands
 q - a wand of iceblast (3)
Scrolls
 f - 3 scrolls of fear
 g - 3 scrolls of poison
 l - 2 scrolls of magic mapping
 m - 2 scrolls of blinking
 o - 3 scrolls of teleportation
 s - a scroll of vulnerability
 u - 2 scrolls of enchant armour
 x - a scroll of fog
 C - a scroll of enchant weapon
 G - 2 scrolls of noise
 I - a scroll of summoning
Potions
 c - 2 potions of mutation
 h - 4 potions of degeneration
 i - 4 potions of resistance
 n - 6 potions of curing
 p - a potion of invisibility
 w - 2 potions of flight
 z - 3 potions of magic
 B - 2 potions of heal wounds
 H - 2 potions of attraction


   Skills:
 + Level 1.5(2.9) Fighting
 - Level 2.1(3.6) Dodging
 + Level 5.9(7.8) Stealth
 + Level 9.1(11.0) Spellcasting
 + Level 1.5(2.4) Evocations


You had 9 spell levels left.
You knew the following spells:

 Your Spells              Type           Power      Damage    Failure   Level
a - Freeze                Ice            100%       1d11      1%          1
b - Frozen Ramparts       Ice            100%       1d16      1%          3
c - Ozocubu's Armour      Ice            64%        N/A       1%          3
d - Hailstorm             Conj/Ice       64%        3d14      1%          4
e - Summon Small Mammal   Summ           100%       N/A       1%          1
f - Wereblood             Tmut           64%        N/A       1%          2
g - Mephitic Cloud        Conj/Pois/Air  64%        N/A       1%          3
h - Flame Wave            Conj/Fire      64%        2d15      1%          4
Your spell library was empty.

Dungeon Overview and Level Annotations

Branches:
Dungeon (9/15)             Temple (1/1) D:5            Lair (0/5) D:9
  Sewer (visited)
    Orc: D:9-12

Altars:
Ashenzari
Cheibriados
Dithmenos
Elyvilon
Fedhas
Gozag
Hepliaklqana
Makhleb
Nemelex Xobeh
Okawaru
Qazlal
Ru
Trog
Uskayaw
Wu Jian
Xom
Yredelemnul
The Shining One

Shops:
D:5 *

Annotations:
D:9 exclusion: orange demon, Amaemon


Innate Abilities, Weirdness & Mutations

You are immune to sickness and miasma.
You are immune to poison.
Your flesh is very heat resistant. (rF++)
You are vulnerable to cold. (rC-)
You float through the air rather than walking.
You learn spells naturally, not from books.
Your magical power is your life essence.
You have superior vitality. (+4 MHP)


Message History

You closely miss the acid dragon. The acid dragon closely misses you.
The acid dragon claws you.
Casting: Flame Wave (safe; 1% risk of failure)
Confirm with . or Enter, or press ? or * to list all spells.
Aiming: Freeze (safe; 1% risk of failure)
Press: ? - help, Shift-Dir - straight line, f - acid dragon
Aim: an acid dragon You freeze the acid dragon!
The acid dragon is moderately wounded.
The acid dragon spits acid at you. The splash of acid hits you!!
The acid corrodes you!
Casting: Freeze (safe; 1% risk of failure)
Confirm with . or Enter, or press ? or * to list all spells.
Aiming: Freeze (safe; 1% risk of failure)
Press: ? - help, Shift-Dir - straight line, f/p - acid dragon
Aim: an acid dragon (moderately wounded)
You freeze the acid dragon.
The acid dragon is heavily wounded.
The acid dragon bites you. The acid dragon closely misses you.
Unknown command.
Casting: Freeze (safe; 1% risk of failure)
Confirm with . or Enter, or press ? or * to list all spells.
Aiming: Freeze (safe; 1% risk of failure)
Press: ? - help, Shift-Dir - straight line, f/p - acid dragon
Aim: an acid dragon (heavily wounded)
You freeze the acid dragon!
The acid dragon is severely wounded.
The acid dragon spits acid at you. The splash of acid hits you!!
* * * LOW HITPOINT WARNING * * *
Casting: Freeze (safe; 1% risk of failure)
Confirm with . or Enter, or press ? or * to list all spells.
Aiming: Freeze (safe; 1% risk of failure)
Press: ? - help, Shift-Dir - straight line, f/p - acid dragon
Aim: an acid dragon (severely wounded, catching its breath)
You freeze the acid dragon!
The acid dragon is almost dead.
* * * LOW HITPOINT WARNING * * *
The acid dragon completely misses you. The acid dragon claws you.
You die...

, ,
*#...........'...#### ,
, #...........#.......
#...........#.......
*#....##.....#....... *
, #....###############
*#....##......... , ,
,##...............,
#................ , ,
#..D@............ , ,
#................ , ,,
#................
##########'###########
, ,
,......................
......................
.....#..............##
,.... #..............##
, , ..
#....####........


You could see an acid dragon (catching breath).

Vanquished Creatures
  Prince Ribbit (D:7)
  Sigmund (D:5)
  Eustachio (D:4)
  2 steam dragons (D:6)
  Pargi (Sewer)
  A sky beast (D:7)
  An ogre (D:7)
  3 bullfrogs
  A kobold brigand (D:9)
  2 scorpions
  A gnoll sergeant (D:8)
  2 howler monkeys (D:5)
  2 hounds
  2 gnoll boudas
  3 jellies
  6 orc priests
  Crazy Yiuf (D:6)
  4 iguanas
  9 orc wizards
  17 gnolls
  9 adders
  A shadow imp (D:7)
  2 white imps
  A worm (D:2)
  2 dart slugs (D:3)
  28 orcs
  9 ball pythons
  2 bats
  10 endoplasms
  2 giant cockroaches (D:3)
  4 hobgoblins
  14 jackals
  11 kobolds
  6 quokkas
  4 frilled lizards
  6 goblins
  5 rats
177 creatures vanquished.

Vanquished Creatures (others)
  3 toadstools (D:7)
3 creatures vanquished.

Grand Total: 180 creatures vanquished

Notes
Turn   | Place    | Note
-------+----------+-------------------------------------------
     0 | D:1      | LustLizard the Djinni Ice Elementalist began the quest for
                  | the Orb.
     0 | D:1      | LustLizard set off with the following spells memorised:
                  | Freeze, Frozen Ramparts, Ozocubu's Armour, Hailstorm.
     0 | D:1      | Reached XP level 1. HP: 15/15 MP: 0/0
   173 | D:1      | Reached XP level 2. HP: 12/21 MP: 0/0
   630 | D:1      | Reached XP level 3. HP: 25/25 MP: 0/0
   630 | D:1      | Learned a level 1 spell: Summon Small Mammal
  1425 | D:2      | Reached XP level 4. HP: 31/31 MP: 0/0
  1958 | D:2      | Found a faded altar of an unknown god.
  2365 | D:3      | Reached skill level 4 in Spellcasting
  2420 | D:3      | Reached XP level 5. HP: 12/35 MP: 0/0
  2420 | D:3      | Learned a level 2 spell: Wereblood
  2612 | D:3      | Found a glowing drain.
  2633 | Sewer    | Entered a sewer
  2808 | Sewer    | Noticed Pargi
  2816 | Sewer    | Killed Pargi
  2817 | Sewer    | Reached XP level 6. HP: 17/40 MP: 0/0
  3767 | D:4      | Reached skill level 5 in Spellcasting
  3835 | D:4      | Found a burning altar of Makhleb.
  3978 | D:4      | Noticed Eustachio
  4031 | D:4      | Killed Eustachio
  4032 | D:4      | Reached XP level 7. HP: 23/45 MP: 0/0
  4032 | D:4      | Learned a level 3 spell: Mephitic Cloud
  4922 | D:5      | Entered Level 5 of the Dungeon
  5190 | D:5      | Reached skill level 6 in Spellcasting
  5285 | D:5      | Found a staircase to the Ecumenical Temple.
  5304 | Temple   | Entered the Ecumenical Temple
  5469 | Temple   | Became a worshipper of Ashenzari the Shackled
  5492 | D:5      | Found Imu Reth's Gadget Gallery.
  5724 | D:5      | Noticed Sigmund
  5734 | D:5      | Killed Sigmund
  5735 | D:5      | Reached XP level 8. HP: 39/50 MP: 0/0
  6149 | D:5      | Reached skill level 7 in Spellcasting
  7162 | D:6      | Found a runed translucent door.
  7163 | D:6      | Noticed Crazy Yiuf
  7301 | D:6      | Reached skill level 5 in Stealth
  7301 | D:6      | Reached XP level 9. HP: 49/55 MP: 0/0
  7301 | D:6      | Learned a level 4 spell: Flame Wave
  7669 | D:6      | Killed Crazy Yiuf
  7756 | D:7      | Reached skill level 8 in Spellcasting
  8020 | D:7      | Noticed Prince Ribbit
  8027 | D:7      | Killed Prince Ribbit
  8128 | D:7      | Found a hide-covered altar of Uskayaw.
  8185 | D:7      | Found a sacrificial altar of Ru.
  8320 | D:7      | Reached * piety under Ashenzari
  9343 | D:8      | Reached skill level 9 in Spellcasting
  9531 | D:8      | Reached ** piety under Ashenzari
  9733 | D:8      | Reached skill level 1 in Fighting
  9733 | D:8      | Reached skill level 1 in Evocations
 10110 | D:9      | Noticed Amaemon
 10110 | D:9      | Noticed an orange demon
 10324 | D:9      | HP: 2/59 [acid dragon/splash of acid (23)]
 10325 | D:9      | Slain by an acid dragon

Illustrated notes

Levels and vault maps discovered:
D:1:      dpeg_arrival_rooms_b, layout_loops_ring
D:2:      layout_basic, dilly_ecumenical_altar_fadedgnrine
D:3:      layout_loops_ring, portal_sewer_entry_f, serial_forest,
          infiniplex_forest_end_double, infiniplex_forest_corner_2,
          infiniplex_forest_clump_double, infiniplex_forest_lined_ring,
          infiniplex_forest_zigzag_1
D:4:      kennysheep_spiral_hall, layout_cave_pods,
          mainiacjoe_overflow_concentric_impassable, kennysheep_boxes,
          uniq_eustachio
D:5:      layout_basic, temple_pool_b, kennysheep_nondescript,
          minmay_misc_feat_square, amcnicky_mini_rare_corridor_liquid,
          nicolae_shop_gadgets, uniq_sigmund
D:6:      kennysheep_steamy, layout_loops_cross,
          hangedman_abyss_or_decor_jellyfish_corner, uniq_crazy_yiuf_cottage
D:7:      layout_basic, minitemple, grunt_ministairs_13, dk_vineyard_1,
          chequers_avenue, mrwooster_statue_mirror, minmay_gold_behind_fungi,
          grunt_decor_arrowhead, uniq_prince_ribbit1
D:8:      layout_loops_ring, roderic_lattice_a
D:9:      layout_stronghold, grunt_lair_entry_orc_guard_hut,
          gammafunk_ghost_grave, uniq_erolcha, uniq_amaemon
Temple:   bh_familiar_temple

Skill      XL: |  1  2  3  4  5  6  7  8  9 |
---------------+----------------------------+-----
Stealth        | 2 3 4 5 |  5.9
Spellcasting   | 4 5 6 7 9 |  9.1
Fighting       | 1 |  1.5
Evocations     | 1 |  1.5
Dodging        | |  2.1

Action                   |  1- 3 |  4- 6 |  7- 9 || total
-------------------------+-------+-------+-------++-------
Melee: Dagger            |    28 |    67 |    92 ||   187
       Punch             |       |       |     1 ||     1
 Cast: Freeze            |    26 |    41 |    58 ||   125
       Frozen Ramparts   |     1 |     7 |    23 ||    31
       Ozocubu's Armour  |       |     1 |     7 ||     8
       Mephitic Cloud    |       |       |     4 ||     4
       Flame Wave        |       |       |     9 ||     9
Invok: Curse Item        |       |       |     3 ||     3
  Use: Scroll            |     4 |     2 |     4 ||    10
 Stab: Sleeping          |     7 |    10 |    18 ||    35
       Confused          |       |       |     1 ||     1
Armor: Robe              |    15 |    29 |    28 ||    72
Dodge: Dodged            |    24 |    50 |    78 ||   152
